 Dungeon Crawl Stone Soup version 0.28.0-62-gf88900778d (webtiles) character file.

Game seed: 10552627018611096589

32 infinitevox the Conjurer (level 3, 0/27 HPs)
             Began as a Demonspawn Wanderer on Apr 15, 2023.
             Was a Plaything of Xom.
             Slain by a worm (6 damage)
             ... on level 2 of the Dungeon.
             The game lasted 00:03:56 (1302 turns).

infinitevox the Conjurer (Demonspawn Wanderer)      Turns: 1302, Time: 00:03:56

Health: 0/27       AC:  4    Str: 10    XL:     3   Next: 10%
Magic:  4/4        EV: 12    Int: 14    God:    Xom [..*...]
Gold:   66         SH:  0    Dex: 15    Spells: 3/4 levels left

rFire   . . .      SeeInvis .   i - +1 short sword
rCold   . . .      Faith    .   (no shield)
rNeg    . . .      Spirit   .   c - +0 robe
rPois   .          Reflect  .   (no helmet)
rElec   .          Harm     .   b - +0 cloak
rCorr   .          Rampage  .   (no gloves)
Will    .....                   (no boots)
Stlth   ++........              (no amulet)
HPRegen 0.09/turn               (no ring)
MPRegen 0.09/turn               (no ring)

@: no status effects
A: hooves 1, rugged brown scales 1
a: Renounce Religion


You were on level 2 of the Dungeon.
You worshipped Xom.
You were a toy of Xom.
You visited 1 branch of the dungeon, and saw 2 of its levels.

You collected 66 gold pieces.

Inventory:

Hand Weapons
 i - a +1 short sword (weapon)
Armour
 b - a +0 cloak (worn)
 c - a +0 robe (worn)
Scrolls
 g - 3 scrolls of amnesia
 h - a scroll of identify
Potions
 d - 2 potions of curing


   Skills:
 - Level 2.0 Fighting
 - Level 1.0 Throwing
 + Level 2.3 Dodging
 - Level 2.0 Stealth
 - Level 1.0 Spellcasting
 - Level 4.0 Conjurations
 + Level 0.2 Fire Magic


You had 3 spell levels left.
You knew the following spells:

 Your Spells              Type           Power      Damage    Failure   Level
a - Foxfire               Conj/Fire      24%        2x1d5     11%         1

Your spell library contained the following spells:

 Spells                   Type           Power      Damage    Failure   Level
 Sticky Flame             Conj/Fire      6%         2d3       73%         4
 Hailstorm                Conj/Ice       6%         3d4       75%         4


Dungeon Overview and Level Annotations

Branches:
Dungeon (2/15)

Altars:
Xom


Innate Abilities, Weirdness & Mutations

You have large cloven feet.
You are partially covered in rugged brown scales. (AC +1, +3% HP)


Message History

i - a +0 short sword (weapon)
You drop a +0 dagger.
A worm is nearby!
A quokka and a jackal come into view.
Items here: ) [ ††.
You swing at nothing.
You swing at nothing.
You swing at nothing.
A jackal comes into view.
The jackal barks!
You hit the worm but do no damage. You hit the worm.
The worm is lightly wounded.
The worm closely misses you.
The jackal barks!
You hit the jackal. Your kick misses the jackal.
The jackal is lightly wounded.
The jackal closely misses you.
You closely miss the jackal.
The jackal is lightly wounded.
The jackal closely misses you. The worm bites you!
The jackal bites you but does no damage.
As you read the scroll labelled CEKHETEVEOCO, it crumbles to dust.
It is a scroll of identify.
e - a scroll of enchant weapon The jackal bites you.
The worm bites you.
* * * LOW HITPOINT WARNING * * *
As you read the scroll labelled KORHAQ ILUJAMAOKK, it crumbles to dust.
You feel aware of your surroundings.
It was a scroll of magic mapping.
The jackal barely misses you. The jackal misses you.
As you read the scroll of enchant weapon, it crumbles to dust.
Your +0 short sword glows red for a moment.
The jackal bites you but does no damage.
The worm misses you.
You hit the worm. You kick the worm.
The worm is heavily wounded.
The jackal closely misses you. The jackal barely misses you.
The worm bites you.
You die... "It's all fun and games until someone loses an eye."

** **,#....⌠...⌠...#* ,*
*,,*#.........#**#######
,***,,,,,#...>...# ##.....##
,**,,****#.w.....###.......###
,,,,,****#.⌠...h.##..........##
,,,,,...##........#...........#
,,***........⌠............_...#
,,**,.######..####.......8.8..#
,,**,** ##.)w@hh...........#
,,,,,*** #######........##.#
,,,,,,,** #......<....#
,,,***,,* #......†..### ,,,*
**,* ***** #.........# ****
*,***,,,* #.........# *,,,,,,,*
#.........# ****,,,,*
##.......## **,,,* ##.....##


You could see a worm and 2 jackals.

Vanquished Creatures
  An adder (D:2)
  2 dart slugs
  3 bats
  4 endoplasms
  3 hobgoblins
  2 kobolds
  A ball python (D:1)
  4 frilled lizards
  3 goblins (D:1)
  A rat (D:2)
24 creatures vanquished.

Vanquished Creatures (others)
  4 foxfires
4 creatures vanquished.

Grand Total: 28 creatures vanquished

Notes
Turn   | Place    | Note
-------+----------+-------------------------------------------
     0 | D:1      | infinitevox the Demonspawn Wanderer began the quest for the
                  | Orb.
     0 | D:1      | infinitevox set off with the following items: a +0 dagger,
                  | a +0 cloak, a +0 robe, a potion of curing; and the
                  | following spell memorised: Foxfire; and the following
                  | spells available to memorise: Hailstorm, Sticky Flame
     0 | D:1      | Reached XP level 1. HP: 16/16 MP: 2/2
   324 | D:1      | Reached skill level 1 in Dodging
   381 | D:1      | Gained mutation: You have large cloven feet. [demonic
                  | ancestry]
   381 | D:1      | Reached XP level 2. HP: 8/22 MP: 0/3
  1093 | D:2      | Found a faded altar of an unknown god.
  1115 | D:2      | Prayed at the altar of an unknown god.
  1115 | D:2      | Became a worshipper of Xom of Chaos
  1240 | D:2      | Gained mutation: You are partially covered in rugged brown
                  | scales. (AC +1, +3% HP) [demonic ancestry]
  1240 | D:2      | Reached XP level 3. HP: 18/27 MP: 4/4
  1302 | D:2      | Slain by a worm

Illustrated notes

Levels and vault maps discovered:
D:1:      lightli_arrival_chessboard, layout_basic
D:2:      layout_rooms, dreamdust_ecumenical_altar_statues, grunt_ministairs_2

Skill      XL: |  1  2 |
---------------+-------+-----
Stealth        | 2 |  2.0
Dodging        | 1 2 |  2.3
Fighting       | |  2.0
Throwing       | |  1.0
Spellcasting   | |  1.0
Conjurations   | |  4.0
Fire Magic     | |  0.2

Action                   || total
-------------------------++-------
Melee: Dagger            ||    87
       Kick              ||    16
       Short sword       ||     5
 Cast: Foxfire           ||     4
  Use: Scroll            ||     4
 Stab: Sleeping          ||     2
Armor: Robe              ||    31
Dodge: Dodged            ||    62
